 Dungeon Crawl Stone Soup version 0.22-a0-352-gc608dd7 (webtiles) character file.

115 khargal the Cutter (level 4, -5/40 HPs)
             Began as a Draconian Monk on Apr 14, 2018.
             Slain by a river rat (8 damage)
             ... in a sewer.
             The game lasted 00:05:09 (2129 turns).

khargal the Cutter (Draconian Monk)                 Turns: 2129, Time: 00:05:10

Health: -5/40      AC:  5    Str: 10 (13) XL:     4   Next: 68%
Magic:  4/4        EV: 10    Int:  8 (10) God:
Gold:   50         SH:  0    Dex: 14 (15) Spells: 3/3 levels left

rFire    . . .     SeeInvis .   l - +1 dagger
rCold    . . .     Gourm    .   (no shield)
rNeg     . . .     Faith    .   (armour unavailable)
rPois    .         Spirit   .   (helmet restricted)
rElec    .         Reflect  .   (no cloak)
rCorr    .         Harm     .   (no gloves)
MR       .....                  (no boots)
Stlth    ++........             (no amulet)
HPRegen  0.13/turn              (no ring)
MPRegen  0.09/turn              (no ring)

@: constricted
A: unfitting armour, cold-blooded, AC +5
a: no special abilities


You were in a sewer.
You were very hungry.

You visited 1 branch of the dungeon, and saw 3 of its levels.
You also visited: Sewer.

You collected 50 gold pieces.

Inventory:

Hand Weapons
 a - a +0 short sword
 l - a +1 dagger (weapon)
Missiles
 d - 5 needles of confusion
 k - 3 needles of sleeping
Scrolls
 c - a scroll of teleportation
Potions
 e - a potion of flight
 j - a potion of haste
Comestibles
 b - 2 rations


   Skills:
 - Level 4.0 Fighting
 + Level 4.2 Short Blades
 + Level 3.3 Dodging
 + Level 2.3 Stealth


You had 3 spell levels left.
You didn't know any spells.

Dungeon Overview and Level Annotations

Branches:
Dungeon (3/15)

Altars:


Innate Abilities, Weirdness & Mutations

Your plain brown scales are hard. (AC +5)
You cannot fit into any form of body armour.
You are cold-blooded and may be slowed by cold attacks.


Message History

* * * LOW HITPOINT WARNING * * *
The ball python constricts you. The rat closely misses you.
You hit the river rat.
The river rat is moderately wounded.
The rat bites you.
* * * LOW HITPOINT WARNING * * *
The river rat bites you.
* * * LOW HITPOINT WARNING * * *
The rat barely misses you. The river rat barely misses you.
The ball python bites you.
* * * LOW HITPOINT WARNING * * *
The ball python bites you.
* * * LOW HITPOINT WARNING * * *
The ball python constricts you.
You closely miss the river rat.
The river rat is moderately wounded.
The rat misses you. The rat bites you but does no damage. The rat bites you.
* * * LOW HITPOINT WARNING * * *
The river rat bites you!
You die...

##### ##### #∩..## ##### ###
##...######..#####..∩# #####
..###......#####..##...######...#
...........÷.##.......#####......
.......................##........
.................................
≈≈≈............rrr.............≈≈
≈≈≈≈≈≈≈...≈....r@S.....≈≈.≈≈..≈≈≈
≈≈≈≈≈≈≈≈≈≈..≈..rrS≈≈≈≈≈≈≈≈≈≈≈≈≈≈≈
≈≈≈≈≈≈≈≈≈≈≈≈..≈≈r≈.≈≈≈≈≈≈≈≈≈≈≈≈≈≈
≈≈≈≈≈≈≈≈≈≈≈≈≈≈≈≈≈≈≈≈≈≈≈≈≈≈≈≈≈≈≈≈≈
≈≈≈≈≈≈≈≈≈≈≈≈≈≈≈≈≈≈≈≈≈≈≈≈≈≈≈≈≈≈≈≈≈
≈≈≈≈≈≈≈≈≈≈≈≈≈..≈.≈.≈.≈≈≈≈≈≈≈≈≈≈≈≈
≈............≈≈. .##.............
##........##..


You could see 2 river rats, 2 ball pythons and 5 rats.

Vanquished Creatures
  A gnoll (D:1)
  2 river rats (Sewer)
  3 adders
  2 leopard geckos
  3 orcs (D:2)
  3 giant cockroaches
  4 goblins
  5 hobgoblins
  2 jackals (D:1)
  14 kobolds
  A quokka (D:3)
  3 bats (D:1)
  3 frilled lizards
  12 rats
58 creatures vanquished.

Notes
Turn   | Place    | Note
-------+----------+-------------------------------------------
     0 | D:1      | khargal the Draconian Monk began the quest for the Orb.
     0 | D:1      | Reached XP level 1. HP: 19/19 MP: 1/1
    17 | D:1      | Reached XP level 2. HP: 9/26 MP: 2/2
   517 | D:1      | Reached XP level 3. HP: 25/33 MP: 3/3
  1424 | D:3      | Reached XP level 4. HP: 39/40 MP: 4/4
  1477 | D:3      | Found a glowing drain.
  1518 | Sewer    | Entered a sewer
  2129 | Sewer    | Slain by a river rat

Vault maps used:
D:1:      co_arrival_square_in_a_square_in_a_square
D:3:      portal_sewer_entry_f
Sewer:    sewer_minmay_treatment

Skill      XL: |  1  2  3  4 |
---------------+-------------+-----
Dodging        | 3 |  3.3
Stealth        | 2 |  2.3
Fighting       | 4 |  4.0
Short Blades   | 4 |  4.2

Action                   |  1- 3 |  4- 6 || total
-------------------------+-------+-------++-------
Melee: Short sword       |    83 |       ||    83
       Tailslap          |    12 |    18 ||    30
       Dagger            |    53 |   119 ||   172
  Use: Potion            |       |     7 ||     7
       Scroll            |       |     5 ||     5
 Stab: Sleeping          |     4 |       ||     4
  Eat: Chunk             |     2 |     1 ||     3
Armor: Skin              |    39 |    52 ||    91
Dodge: Dodged            |    86 |   107 ||   193

Table legend:
 A = Spawn XP
 B = Non-spawn XP
 C = Spawn XP percentage of total XP
 D = Spawn monster count
 E = Non-spawn monster count
 F = Spawn count percentage of total count
 G = Total turns spent on level
                    A         B        C        D         E        F      G
               +---------+---------+-------+---------+---------+-------+---------
         Total |       0 |     165 |   0.0 |       0 |      58 |   0.0 |  2129
               +---------+---------+-------+---------+---------+-------+---------
           D:1 |       0 |      47 |   0.0 |       0 |      21 |   0.0 |   829
           D:2 |       0 |      48 |   0.0 |       0 |      15 |   0.0 |   580
           D:3 |       0 |      13 |   0.0 |       0 |       7 |   0.0 |   109
         Sewer |       0 |      57 |   0.0 |       0 |      15 |   0.0 |   611
               +---------+---------+-------+---------+---------+-------+---------
